 Dungeon Crawl Stone Soup version 0.31-a0-771-g505c3d19dc (webtiles) character file.

Game seed: 13209761676703890953

1383 Psyclone the Tainter (level 8, -8/52 HPs)
             Began as an Octopode Venom Mage on Sept 16, 2023.
             Mangled by a +1 hand axe of Understanding {spect, rPois SInv Stlth+} (9 damage)
             ... created by an orc
             ... on level 4 of the Dungeon.
             The game lasted 00:18:48 (7117 turns).

Psyclone the Tainter (Octopode Venom Mage)          Turns: 7117, Time: 00:18:49

Health: -8/52      AC:  1    Str: 10    XL:     8   Next: 67%
Magic:  8/17       EV: 15    Int: 21    God:
Gold:   184        SH:  0    Dex: 18    Spells: 7/19 levels left

rFire   . . .        n - +4 dagger "Jellyslayer" {freeze, rElec Str+2 Int+2 Stlth+}
rCold   . . .        (no shield)
rNeg    . . .        (helmet restricted)
rPois   .            (no amulet)
rElec   +            f - +6 ring of dexterity
rCorr   .            (no ring)
SInv    .            (no ring)
Will    .....        (no ring)
Stlth   ++++         (no ring)
HPRegen 0.28/turn    (no ring)
MPRegen 0.15/turn    (no ring)
                     (no ring)

%: no passive effects
@: radiating poison, very slightly contaminated
A: almost no armour, amphibious, 8 rings, camouflage 1, gelatinous body 1,
(nimble swimmer 1), tentacles
a: no special abilities


You were on level 4 of the Dungeon.
You visited 1 branch of the dungeon, and saw 5 of its levels.

You collected 331 gold pieces.
You spent 147 gold pieces at shops.

Inventory:

Hand Weapons
 n - the +4 dagger "Jellyslayer" (weapon) {freeze, rElec Str+2 Int+2 Stlth+}
   (You bought it in a shop on level 5 of the Dungeon)

   Str+2:     It affects your strength (+2).
   Int+2:     It affects your intelligence (+2).
   rElec:     It insulates you from electricity.
   Stlth+:    It makes you more stealthy.
Missiles
 e - a throwing net {!f}
Jewellery
 d - a ring of wizardry
 f - a +6 ring of dexterity (left tentacle)
Wands
 c - a wand of mindburst (8)
 j - a wand of quicksilver (8)
Scrolls
 h - 2 scrolls of identify {@r1}
 i - 3 scrolls of enchant weapon {unknown}
 k - a scroll of revelation {unknown}
 l - a scroll of blinking
 o - a scroll of butterflies {unknown}
 p - a scroll of immolation
Potions
 a - 2 potions of magic
 b - 2 potions of berserk rage
 g - 2 potions of might
 m - a potion of attraction {unknown}


   Skills:
 + Level 3.1 Fighting
 * Level 5.0 Dodging
 - Level 2.6 Stealth
 - Level 6.0 Spellcasting
 - Level 1.0 Transmutations
 - Level 8.0 Poison Magic


You had 7 spell levels left.
You knew the following spells:

 Your Spells              Type           Power      Damage    Failure   Level
a - Poisonous Vapours     Pois/Air       46%        N/A       2%          2
b - Sting                 Tmut/Pois      100%       1d8       1%          1
d - Mephitic Cloud        Conj/Pois/Air  17%        N/A       10%         3
q - Blink                 Tloc           12%        N/A       14%         2
x - Olgreb's Toxic Radia  Pois           39%        N/A       3%          4

Your spell library contained the following spells:

 Spells                   Type           Power      Damage    Failure   Level
 Summon Small Mammal      Summ           24%        N/A       10%         1
 Ensorcelled Hibernation  Hex/Ice        12%        N/A       14%         2
 Jinxbite                 Hex            12%        N/A       14%         2
 Lesser Beckoning         Tloc           12%        N/A       14%         2
 Momentum Strike          Conj/Tloc      12%        3d8       14%         2
 Call Canine Familiar     Summ           6%         N/A       28%         3
 Summon Guardian Golem    Hex/Summ       6%         N/A       28%         3
 Anguish                  Hex/Necr       3%         N/A       67%         4


Dungeon Overview and Level Annotations

Branches:
Dungeon (5/15) Zot: 22869
 Temple: D:4-7

Altars:
Okawaru
Xom

Shops:
D:5 (

Annotations:
D:4 Newt's ghost, amateur GrFi


Innate Abilities, Weirdness & Mutations

You cannot wear most types of armour.
You are amphibious.
You can wear up to eight rings at the same time.
Your skin changes colour to match your surroundings (Stealth+).
Your rubbery body absorbs attacks. (AC +1, EV +1)
((You are camouflaged when in or above water. (Stealth+)))
You have tentacles for arms and can constrict up to eight enemies at once.


Message History

a +0 short sword; an orc skeleton The orc priest closely misses you.
The orc hits you with the +1 hand axe of Understanding {spect, rPois SInv Stlth+}!
The +1 hand axe of Understanding {spect, rPois SInv Stlth+} hits you.
A +1 hand axe of Understanding {spect, rPois SInv Stlth+} comes into view.
You take 13 damage, and have 30/52 hp.
MASSIVE DAMAGE!!
The orc priest attacks as it pursues you!
The orc priest misses you.
The +1 hand axe of Understanding {spect, rPois SInv Stlth+} disappears.
The orc closely misses you.
The +1 hand axe of Understanding {spect, rPois SInv Stlth+} barely misses you.
A +1 hand axe of Understanding {spect, rPois SInv Stlth+} comes into view.
Casting: Olgreb's Toxic Radiance (dangerous; 3% risk of failure)
Confirm with . or Enter, or press ? or * to list all spells.
You begin to radiate toxic energy.
The orc is poisoned.
The orc priest is poisoned.
The orc looks even sicker.
The orc priest looks even sicker.
You kill the orc!
The +1 hand axe of Understanding {spect, rPois SInv Stlth+} hits you!
The orc priest closely misses you.
The +1 hand axe of Understanding {spect, rPois SInv Stlth+} hits you!
* * * LOW HITPOINT WARNING * * *
The orc hits you with the +1 hand axe of Understanding {spect, rPois SInv Stlth+}!
* * * LOW HITPOINT WARNING * * *
The +1 hand axe of Understanding {spect, rPois SInv Stlth+} hits you.
* * * LOW HITPOINT WARNING * * *
You take 30 damage, and have 1/52 hp.
MASSIVE DAMAGE!!
You now have 9/17 mp.
Casting: Olgreb's Toxic Radiance (dangerous; 3% risk of failure)
Confirm with . or Enter, or press ? or * to list all spells.
Aiming: Poisonous Vapours (safe; 2% risk of failure)
Press: ? - help, Dir - move target, f - orc priest
Aim: an orc priest, wielding a +0 club (moderately wounded, very poisoned) Poisonous vapours surround the orc priest!
The orc priest looks as sick as possible! x2
The orc is poisoned.
The +1 hand axe of Understanding {spect, rPois SInv Stlth+} misses you.
The orc priest casts a cantrip, but nothing happens.
The orc closely misses you.
The +1 hand axe of Understanding {spect, rPois SInv Stlth+} hits you!
You die...

#.#...........######
#.##..###..........#######
###############8[#...............
#.....# 8.....#..#........#######
#.....# ..##..#..#........#
#.....##..8#..#)[#........#
.......#..##..#)(#.#####.########
#.....##)...#)#.o#.# ##..........
#.....# [...#.oo@..###...........
#.....# _.8.#.'.(.###............
####### ....#.'..## #............
....#.#..# #............
..##..#..# #............
..8#..#..# #............
..##..#..# ##...........
8.....#..# ##..........
#######8.# ###########


You could see a +1 hand axe of Understanding {spect, rPois SInv Stlth+}, an orc
priest (extremely poisoned) and 2 orcs.

Vanquished Creatures
  Grinder (D:3)
  Sigmund (D:3)
  A water moccasin (D:5)
  An orc warrior (D:4)
  A black bear (D:5)
  A scorpion (D:5)
  6 hounds
  An orc priest (D:5)
  A gnoll bouda (D:5)
  Jessica (D:3)
  A sleepcap (D:5)
  Ijyb (D:3)
  3 orc wizards
  2 iguanas (D:5)
  Robin (D:3)
  3 gnolls
  9 adders
  2 ufetubi (D:5)
  A dart slug (D:1)
  3 worms
  12 orcs
  10 endoplasms
  4 giant cockroaches
  13 goblins
  11 hobgoblins
  4 jackals (D:3)
  7 kobolds
  4 quokkas
  5 ball pythons
  5 bats
  2 frilled lizards
  4 rats
122 creatures vanquished.

Vanquished Creatures (others)
  A phantom (D:5)
  A worm (D:5)
2 creatures vanquished.

Grand Total: 124 creatures vanquished

Notes
Turn   | Place    | Note
-------+----------+-------------------------------------------
     0 | D:1      | Psyclone the Octopode Venom Mage began the quest for the
                  | Orb.
     0 | D:1      | Reached XP level 1. HP: 11/11 MP: 3/3
   139 | D:1      | Reached XP level 2. HP: 11/17 MP: 0/5
   208 | D:1      | Reached skill level 4 in Poison Magic
   286 | D:1      | Learned a level 2 spell: Poisonous Vapours
   877 | D:1      | Reached XP level 3. HP: 21/21 MP: 6/6
  1150 | D:1      | Found a faded altar of an unknown god.
  2027 | D:2      | Reached XP level 4. HP: 4/27 MP: 1/8
  2391 | D:3      | Noticed Jessica
  2397 | D:3      | Killed Jessica
  2398 | D:3      | Reached skill level 5 in Poison Magic
  2550 | D:3      | Reached XP level 5. HP: 19/31 MP: 1/10
  2720 | D:3      | Noticed Ijyb
  2728 | D:3      | Killed Ijyb
  2786 | D:3      | Noticed Sigmund
  2803 | D:3      | Killed Sigmund
  2804 | D:3      | Reached skill level 6 in Poison Magic
  2804 | D:3      | Reached XP level 6. HP: 27/36 MP: 0/12
  3026 | D:3      | Learned a level 4 spell: Olgreb's Toxic Radiance
  3109 | D:3      | Noticed Robin
  3120 | D:3      | Killed Robin
  3287 | D:3      | Noticed Grinder
  3452 | D:4      | Identified the +1 hand axe of Understanding {spect, rPois
                  | SInv Stlth+}
  3452 | D:4      | Identified the +8 chain mail "Soinga" {+Blink rF++ rN+
                  | Dex-2}
  3471 | D:4      | Noticed Newt's ghost (amateur GrFi)
  3495 | D:4      | Reached skill level 7 in Poison Magic
  3495 | D:4      | Reached XP level 7. HP: 39/41 MP: 7/14
  3710 | D:4      | Reached skill level 5 in Spellcasting
  3763 | D:4      | Identified the +0 dagger of a treasure trove {spect, rC+
                  | rN+ Will+ Dex-5}
  4103 | D:4      | Found a runed translucent gate.
  4104 | D:4      | Found a runed translucent gate.
  4105 | D:4      | Found a runed translucent gate.
  4107 | D:4      | Identified the +2 chain mail of Inaction {rElec Will+}
  4196 | D:5      | Entered Level 5 of the Dungeon
  4762 | D:5      | Found an iron altar of Okawaru.
  4791 | D:5      | Found a shimmering altar of Xom.
  4973 | D:5      | Reached skill level 8 in Poison Magic
  5051 | D:5      | Found Egoacwic's Antique Weapon Boutique.
  5056 | D:5      | Learned a level 3 spell: Mephitic Cloud
  5080 | D:5      | Bought a warped dagger for 147 gold pieces
  5080 | D:5      | Identified the +4 dagger "Jellyslayer" {freeze, rElec Str+2
                  | Int+2 Stlth+} (You bought it in a shop on level 5 of the
                  | Dungeon)
  5205 | D:5      | Reached skill level 1 in Fighting
  5205 | D:5      | Reached XP level 8. HP: 23/48 MP: 17/17
  5412 | D:5      | Learned a level 2 spell: Blink
  6309 | D:3      | Killed Grinder
  6859 | D:4      | Reached skill level 5 in Dodging
  7116 | D:4      | HP: 1/52 [+1 hand axe of Understanding {spect, rPois SInv
                  | Stlth+}[an orc] (5)]
  7117 | D:4      | Mangled by a +1 hand axe of Understanding {spect, rPois
                  | SInv Stlth+}

Illustrated notes

Levels and vault maps discovered:
D:1:      kennysheep_arrival_forest, layout_basic,
          shapermc_ecumenical_altar_flowoftime, minmay_gold_behind_fungi,
          minmay_split_cup_small
D:2:      layout_loops_cross
D:3:      layout_rooms, minmay_misc_feat_nine_boxes,
          chequers_serial_rivers_room_a, kennysheep_generic_room_12, uniq_ijyb,
          uniq_grinder, uniq_sigmund, uniq_robin, uniq_jessica
D:4:      layout_rooms, biasface_ghost_orc_armoury, st_stairs_6,
          nicolae_half_adder
D:5:      layout_layer_cave, mainiacjoe_overflow_two_lobes, serial_shops, shop,
          hangedman_abyss_or_decor_lesser_grid, lemuel_flamethrower_2

Skill      XL: |  1  2  3  4  5  6  7  8 |
---------------+-------------------------+-----
Poison Magic   | 4 5 6 7 8 |  8.0
Spellcasting   | 3 4 6 |  6.0
Fighting       | 1 3 |  3.1
Dodging        | 5 |  5.0
Stealth        | |  2.6
Transmutations | |  1.0

Action                     |  1- 3 |  4- 6 |  7- 9 || total
---------------------------+-------+-------+-------++-------
  Melee: Unarmed           |    14 |       |       ||    14
         Constrict         |    12 |    17 |    24 ||    53
         Tentacles         |     6 |    14 |    21 ||    41
         Punch             |     1 |       |     4 ||     5
         Dagger            |    39 |    52 |    59 ||   150
         Short sword       |       |       |    34 ||    34
   Cast: Sting             |    14 |       |       ||    14
         Poisonous Vapours |    35 |    59 |    80 ||   174
         Olgreb's Toxic Ra |       |       |     4 ||     4
         Blink             |       |       |     2 ||     2
    Use: Scroll            |     1 |     4 |       ||     5
         Potion            |     1 |     3 |     1 ||     5
   Stab: Sleeping          |     9 |       |     2 ||    11
 Armour: Skin              |    27 |    32 |    61 ||   120
  Dodge: Dodged            |    24 |    27 |    88 ||   139

Table legend: (Time is in decaauts)
 A = Elapsed time spent in this place.
 B = Non-inter-level travel time spent in this place.
 C = Inter-level travel time spent in this place.
 D = Time resting spent in this place.
 E = Time spent auto-exploring this place.
 F = Levels seen in this place.
 G = Mean time per level.
                   A        B        C        D        E       F      G
               +--------+--------+--------+--------+--------+-----+--------+
         Total |   7129 |   6792 |    337 |    746 |   4814 |   5 | 1425.8 |
       Dungeon |   7129 |   6792 |    337 |    746 |   4814 |   5 | 1425.8 |
               +--------+--------+--------+--------+--------+-----+--------+

Top non-repeatable levels by time:
     D:5: 1963 daAuts
     D:3: 1644 daAuts
     D:1: 1239 daAuts
     D:4: 1218 daAuts
     D:2: 1063 daAuts
